 Dungeon Crawl Stone Soup version 0.28-a0-384-g9e0c098162 (webtiles) character file.

Game seed: 11008812251946611636

4200 robertstho the Thaumaturge (level 10, 0/70 HPs)
             Began as a Djinni Fire Elementalist on Sept 2, 2021.
             Was an Initiate of Gozag.
             Slain by a wyvern (8 damage)
             ... while petrified by a basilisk
             ... on level 8 of the Dungeon.
             The game lasted 00:14:30 (10463 turns).

robertstho the Thaumaturge (DjFE)                  Turns: 10463, Time: 00:14:30

Health: 0/70       AC:  4    Str:  7    XL:     10   Next: 54%
Gold:   40         EV:  2    Int: 21    God:    Gozag SH:  0 Dex: 11

rFire   + + +      SeeInvis .   s - +10 spear "Fajezofe" {antimagic, rF+ rC++ Dex-2}
rCold   + . .      Faith    .   (no shield)
rNeg    + + +      Spirit   .   v - +1 leather armour {rC+}
rPois   ∞          Reflect  .   (no helmet)
rElec   .          Harm     .   (no cloak)
rCorr   .          Rampage  .   (no gloves)
Will    +....                   (boots unavailable)
Stlth   ++........              l - amulet of the acrobat
HPRegen 0.21/turn               b - ring of fire
MPRegen 0.00/turn               (no ring)

@: petrified, gold aura, flying
A: sickness immunity, fire resistance 2, cold vulnerability 1, float, innate
caster, hp casting, extra vitality 1
a: Renounce Religion, Potion Petition, Call Merchant, Bribe Branch


You were on level 8 of the Dungeon.
You worshipped Gozag.
Gozag was noncommittal.
You visited 2 branches of the dungeon, and saw 9 of its levels.
You also visited: Ossuary.

You collected 618 gold pieces.
You spent 504 gold pieces at shops.
You paid 74 gold pieces to Gozag.

Inventory:

Hand Weapons
 d - a +0 dagger
 h - a +2 hand axe of freezing
 s - the +10 spear "Fajezofe" (weapon) {antimagic, rF+ rC++ Dex-2}
   (You found it on level 4 of the Dungeon)

   It reduces the magical energy of the wielder, and disrupts the spells and
   magical abilities of those it strikes.
   Natural abilities and divine invocations are not affected.
   Dex:       It affects your dexterity (-2).
   rF:        It protects you from fire.
   rC:        It greatly protects you from cold.
 y - the +4 hand axe of Qanaycre {vorpal, rPois rF+ rN+}
   (You took it off an orc on level 6 of the Dungeon)

   It inflicts extra damage upon your enemies.
   rF:        It protects you from fire.
   rPois:     It protects you from poison.
   rN:        It protects you from negative energy.
Missiles
 e - a throwing net
Armour
 a - a +0 robe
 v - a +1 leather armour of cold resistance (worn)
Jewellery
 b - a ring of fire (left hand)
 l - an amulet of the acrobat (around neck)
Wands
 t - a wand of flame (16)
 C - a wand of iceblast (10)
Scrolls
 c - 6 scrolls of teleportation
 g - 3 scrolls of fear
 k - 2 scrolls of holy word {unknown}
 m - 2 scrolls of amnesia {unknown}
 n - a scroll of torment {unknown}
 q - a scroll of enchant armour {unknown}
 r - a scroll of noise {unknown}
 w - a scroll of magic mapping {unknown}
 x - 10 scrolls of identify
 E - a scroll of summoning
 F - a scroll of silence
Potions
 f - 2 potions of heal wounds
 i - 6 potions of curing {unknown}
 j - 3 potions of magic {unknown}
 o - 2 potions of haste {unknown}
 p - a potion of mutation {unknown}
 u - a potion of resistance {unknown}
 z - 2 potions of lignification {unknown}
 A - 3 potions of might {unknown}
 B - a potion of flight {unknown}
 D - 2 potions of ambrosia {unknown}


   Skills:
 * Level 5.0 Fighting
 + Level 3.4 Polearms
 + Level 3.7 Armour
 + Level 4.3 Dodging
 + Level 3.0 Stealth
 * Level 9.2 Spellcasting


You couldn't memorise any spells.
You knew the following spells:

 Your Spells              Type           Power      Damage    Failure   Level
a - Foxfire               Conj/Fire      100%       2x1d9     1%          1
b - Scorch                Fire           100%       2d10      1%          2
c - Conjure Flame         Conj/Fire      64%        6-21      1%          3
d - Inner Flame           Hex/Fire       64%        N/A       1%          3
e - Sticky Flame          Conj/Fire      64%        2d8       2%          4
f - Fireball              Conj/Fire      32%        3d14      6%          5
g - Beastly Appendage     Tmut           96%        N/A       1%          1
h - Searing Ray           Conj           96%        3d7       1%          2
i - Swiftness             Air            48%        N/A       1%          3
j - Teleport Other        Tloc           48%        N/A       1%          3
Your spell library was empty.

Dungeon Overview and Level Annotations

Branches:
Dungeon (8/15)             Temple (1/1) D:6         Ossuary (visited)
   Lair: D:8-11

Altars:
Cheibriados
Dithmenos
Elyvilon
Fedhas
Gozag
Hepliaklqana
Kikubaaqudgha
Makhleb
Okawaru
Qazlal
Sif Muna
Trog
Vehumet
Wu Jian
Xom
Zin
The Shining One

Shops:
D:1 *   D:3 [   D:8 ?

Annotations:
D:1 Good shop


Innate Abilities, Weirdness & Mutations

You are immune to sickness and miasma.
You are immune to poison.
Your flesh is very heat resistant. (rF++)
You are vulnerable to cold. (rC-)
You float through the air rather than walking.
You learn spells naturally, not from books.
Your magical power is your life essence.
You have superior vitality. (+4 HP)


Message History

Press: ? - help, Shift-Dir - straight line, f - basilisk
Aim: a basilisk You feel a surge of power!
The fireball explodes!
The fireball engulfs the basilisk!!
The basilisk is almost dead.
You hear an angry hiss.
You hear a bellow!
The basilisk gazes at you.
You are slowing down.
Casting: Fireball (dangerous; 7% risk of failure)
Confirm with . or Enter, or press ? or * to list all spells.
Aiming: Fireball (dangerous; 7% risk of failure)
Press: ? - help, Shift-Dir - straight line, f/p - basilisk
Aim: a basilisk (almost dead)
You feel a surge of power!
The fireball explodes!
The fireball engulfs the basilisk!!
You kill the basilisk!
* * * LOW HITPOINT WARNING * * *
An orc comes into view.
It is wielding a +0 falchion of protection.
A wyvern comes into view.
Your limbs are stiffening.
Unknown command.
Unknown command.
Casting: Fireball (dangerous; 6% risk of failure)
Confirm with . or Enter, or press ? or * to list all spells.
Aiming: Fireball (dangerous; 6% risk of failure)
Press: ? - help, Shift-Dir - straight line, f - wyvern
Aim: a wyvern You feel a surge of power!
The fireball explodes!
The fireball engulfs the wyvern!!
The wyvern is severely wounded.
* * * LOW HITPOINT WARNING * * *
You hear an angry hiss.
An orc comes into view. It is wielding a +0 whip.
You have turned to stone.
A basilisk comes into view.
The wyvern bites you!
* * * LOW HITPOINT WARNING * * *
The wyvern bites you!
You die...
Your body crumbles into a pile of gold.

#.. #.. #.. ### .#
.. .# #.. .#
##.l$#### .#
..o.o$l@## .#
.#..###$.##.#
####### ##$...#
#.....#
######$######.....#
.............#.....#
....$..#####..<...>#
....... ###.....##
..?.... #.......
...$... #.....##


You could see a basilisk, a wyvern and 2 orcs.

Vanquished Creatures
  A troll (D:6)
  Sigmund (D:3)
  A wyvern (D:8)
  A basilisk (D:8)
  An acid dragon (D:6)
  4 water moccasins
  An orc warrior (D:6)
  A necrophage (D:5)
  A sky beast (D:5)
  A black bear (D:4)
  2 ogres
  A phantom (D:6)
  Blork the orc (D:4)
  3 elf zombies (Ossuary)
  A gnoll sergeant (D:5)
  2 bullfrogs
  9 scorpions
  4 killer bees (D:8)
  The ghost of packetloss the Gusty, a weakling DrAE (D:4)
  2 howler monkeys
  A crimson imp (D:3)
  2 bullfrog zombies
  5 centaur zombies (Ossuary)
  4 human zombies (Ossuary)
  4 hounds
  3 jellies
  A gnoll shaman (D:7)
  A centaur skeleton (D:6)
  3 iguanas
  3 orc wizards
  A scorpion zombie (D:4)
  A hound zombie (D:5)
  3 mummies (Ossuary)
  7 adders
  12 gnolls
  A white imp (D:6)
  An ufetubus (D:6)
  3 worms
  4 dart slugs
  12 orcs
  3 ball pythons
  9 bats
  8 endoplasms
  5 giant cockroaches
  4 goblins
  4 hobgoblins
  3 kobolds
  2 quokkas
  11 frilled lizards
  4 goblin skeletons (D:3)
  4 hobgoblin zombies (D:3)
  2 kobold skeletons (D:3)
  A kobold zombie (D:3)
  An orc zombie (D:3)
172 creatures vanquished.

Vanquished Creatures (collateral kills)
  3 foxfires (D:2)
3 creatures vanquished.

Vanquished Creatures (others)
  152 foxfires
  2 fungi (D:8)
  17 plants (D:8)
171 creatures vanquished.

Grand Total: 346 creatures vanquished

Notes
Turn   | Place    | Note
-------+----------+-------------------------------------------
     0 | D:1      | robertstho the Djinni Fire Elementalist began the quest for
                  | the Orb.
     0 | D:1      | Reached XP level 1. HP: 15/15 MP: 0/0
   182 | D:1      | Found Ariyzim's Assorted Antiques.
   519 | D:1      | Reached XP level 2. HP: 20/21 MP: 0/0
   866 | D:1      | Reached skill level 3 in Spellcasting
  1020 | D:1      | Reached XP level 3. HP: 21/26 MP: 0/0
  1020 | D:1      | Learned a level 1 spell: Beastly Appendage
  1772 | D:2      | Reached XP level 4. HP: 27/31 MP: 0/0
  1941 | D:2      | Found a faded altar of an unknown god.
  2500 | D:3      | Found Guelulamm's Armour Boutique.
  3035 | D:3      | Noticed Sigmund
  3041 | D:3      | Reached XP level 5. HP: 31/36 MP: 0/0
  3041 | D:3      | Learned a level 2 spell: Searing Ray
  3054 | D:3      | Killed Sigmund
  3055 | D:3      | Reached skill level 1 in Fighting
  3055 | D:3      | Reached skill level 4 in Spellcasting
  3055 | D:3      | Reached XP level 6. HP: 27/42 MP: 0/0
  3061 | D:3      | Reached skill level 5 in Spellcasting
  3226 | D:3      | Found a glowing golden altar of the Shining One.
  3600 | D:4      | Found a runed translucent door.
  3672 | D:4      | Noticed a black bear
  3675 | D:4      | Killed a black bear
  3676 | D:4      | Reached XP level 7. HP: 27/48 MP: 0/0
  3676 | D:4      | Learned a level 3 spell: Swiftness
  3957 | D:4      | Identified the +10 spear "Fajezofe" {antimagic, rF+ rC++
                  | Dex-2}
  4399 | D:4      | Noticed Blork the orc
  4404 | D:4      | Killed Blork the orc
  4405 | D:4      | Reached skill level 6 in Spellcasting
  4801 | D:4      | Noticed packetloss's ghost (weakling DrAE)
  4808 | D:4      | Killed packetloss's ghost
  4809 | D:4      | Reached XP level 8. HP: 47/55 MP: 0/0
  4893 | D:5      | Entered Level 5 of the Dungeon
  5352 | D:5      | Found a snail-covered altar of Cheibriados.
  5432 | D:5      | Found a stormy altar of Qazlal.
  5679 | D:5      | Reached skill level 7 in Spellcasting
  6703 | D:5      | Reached XP level 9. HP: 24/61 MP: 0/0
  6703 | D:5      | Learned a level 3 spell: Teleport Other
  7121 | D:6      | Found a staircase to the Ecumenical Temple.
  7130 | Temple   | Entered the Ecumenical Temple
  7175 | Temple   | Became a worshipper of Gozag Ym Sagoz the Greedy
  7218 | D:6      | Reached skill level 1 in Polearms
  7271 | D:6      | Found a sand-covered staircase.
  7336 | Ossuary  | Entered an ossuary
  7363 | Ossuary  | Reached skill level 8 in Spellcasting
  7610 | Ossuary  | Reached skill level 1 in Armour
  8240 | D:6      | Identified the +4 hand axe of Qanaycre {vorpal, rPois rF+
                  | rN+}
  8887 | D:6      | Noticed a troll
  8897 | D:6      | Killed a troll
  8898 | D:6      | Reached XP level 10. HP: 17/69 MP: 0/0
 10210 | D:7      | Found a glowing silver altar of Zin.
 10322 | D:8      | Found Ycsubyfo's Magic Scroll Boutique.
 10330 | D:8      | Bought a scroll of identify for 32 gold pieces
 10330 | D:8      | Bought a scroll of identify for 32 gold pieces
 10330 | D:8      | Bought a scroll of identify for 32 gold pieces
 10330 | D:8      | Bought a scroll of identify for 32 gold pieces
 10330 | D:8      | Bought a scroll of fear for 56 gold pieces
 10330 | D:8      | Bought a scroll of summoning for 152 gold pieces
 10330 | D:8      | Bought a scroll of teleportation for 48 gold pieces
 10330 | D:8      | Bought a scroll of silence for 120 gold pieces
 10378 | D:8      | Reached skill level 9 in Spellcasting
 10454 | D:8      | Reached skill level 5 in Fighting
 10463 | D:8      | Slain by a wyvern

Illustrated notes

Levels and vault maps discovered:
D:1:      minmay_arrival_four_houses, layout_loops_cross, serial_shops, shop,
          minmay_lizard_pond
D:2:      layout_rooms, basic_ecumenical_altar, minmay_misc_feat_room,
          serial_bayou_lagoon_b
D:3:      layout_basic, nicolae_tso_besieged_by_evil,
          mainiacjoe_overflow_six_doors_small, serial_shops, shop, uniq_sigmund
D:4:      layout_basic, ebering_ghost_reflecting_pool, uniq_blork_the_orc
D:5:      layout_basic, mainiacjoe_overflow_catwalk_spiral
D:6:      minmay_opposing_rooms, layout_rooms, minmay_temple_entry_glass,
          lightli_ossuary_entry_decrepit_ruins, grunt_decor_clamped
D:7:      layout_loops_ring, mainiacjoe_overflow_divided_tiny
D:8:      layout_rooms, minmay_lair_entry_grove, serial_undead, serial_undead_d,
          serial_undead_d, serial_undead_a, serial_undead_c, serial_shops, shop
Temple:   compressed_dpeg_circular_temple

Skill      XL: |  1  2  3  4  5  6  7  8  9 10 |
---------------+-------------------------------+-----
Spellcasting   | 3 4 5 6 7 8 9 |  9.2
Fighting       | 1 2 3 4 5 |  5.0
Stealth        | 2 3 |  3.0
Polearms       | 2 3 |  3.4
Dodging        | 3 4 |  4.3
Armour         | 2 3 |  3.7

Action                   |  1- 3 |  4- 6 |  7- 9 | 10-12 || total
-------------------------+-------+-------+-------+-------++-------
Melee: Hand axe          |       |     2 |       |       ||     2
       Spear             |       |       |   117 |     8 ||   125
 Cast: Foxfire           |    48 |    49 |       |       ||    97
       Scorch            |    12 |    26 |    79 |       ||   117
       Sticky Flame      |       |     1 |    23 |     3 ||    27
       Searing Ray       |       |     2 |       |       ||     2
       Fireball          |       |       |    14 |    24 ||    38
  Use: Scroll            |       |       |     5 |       ||     5
       Potion            |       |       |     2 |       ||     2
 Stab: Sleeping          |       |     1 |     2 |       ||     3
Armor: Robe              |     1 |     1 |     2 |       ||     4
       Leather armour    |       |       |    31 |       ||    31
Dodge: Dodged            |     6 |    14 |   105 |     5 ||   130

Table legend: (Time is in decaauts)
 A = Elapsed time spent in this place.
 B = Non-inter-level travel time spent in this place.
 C = Inter-level travel time spent in this place.
 D = Time resting spent in this place.
 E = Time spent auto-exploring this place.
 F = Levels seen in this place.
 G = Mean time per level.
                   A        B        C        D        E       F      G
               +--------+--------+--------+--------+--------+-----+--------+
         Total |  10468 |  10201 |    267 |    525 |   8555 |  10 | 1046.8 |
       Dungeon |   9646 |   9389 |    257 |    525 |   7904 |   8 | 1205.8 |
        Temple |     55 |     45 |     10 |      0 |     33 |   1 |   55.0 |
       Ossuary |    765 |    765 |      0 |      0 |    618 |   1 |  765.0 |
               +--------+--------+--------+--------+--------+-----+--------+

Top non-repeatable levels by time:
     D:5: 1980 daAuts
     D:4: 1491 daAuts
     D:6: 1446 daAuts
     D:1: 1340 daAuts
     D:3: 1266 daAuts
     D:2: 991 daAuts
     D:7: 988 daAuts
 Ossuary: 765 daAuts
     D:8: 141 daAuts
  Temple: 55 daAuts
